Map: Bel'Shir Vestige LE (Void)

Players

MSK - Winner!

  • Race: Terran Terran
  • League: Grandmaster
  • Spawn Location: 11:00

NORTHAMERICA

  • Race: Protoss Protoss
  • League: Grandmaster
  • Spawn Location: 5:00

VOD

Have the link to the VOD?

Description

Time

  • Played on: April 18, 2017, 12:50 a.m.
  • Length: 13:05
Show
View Real Time Build Order
Export as new Build Order

MSK Terran - Winner!

Build Orders: Reaper Expand, MMM Bio 

Get SALT Encoding   

  12  0:00  SCV  
  13  0:13  SCV  
  14  0:17  Supply Depot  
  14  0:25  SCV  
  14  0:28  Refinery  
  15  0:39  SCV  
  16  0:43  Barracks  
  16  0:51  SCV  
  17  1:03  SCV  
  18  1:15  SCV  
  19  1:30  Orbital Command  
  19  1:31  Reaper  
  20  1:41  Command Center  
  20  1:56  SCV  
  20  1:57  Factory  
  21  2:04  Refinery  
  21  2:07  Barracks Reactor  
  21  2:09  SCV  
  21  2:13  Supply Depot  
  22  2:21  SCV  
  23  2:34  SCV  
  24  2:43  Starport  
  24  2:44  Widow Mine, Marine x2  
  24  2:48  SCV  
  29  2:53  Orbital Command  
  29  3:00  SCV  
  29  3:02  Marine x2  
  32  3:12  SCV  
  33  3:13  Widow Mine  
  33  3:18  SCV  
  33  3:19  Medivac  
  38  3:20  Marine x2  
  38  3:24  SCV  
  41  3:31  SCV  
  41  3:36  SCV  
  41  3:38  Barracks  
  42  3:41  Barracks  
  42  3:43  SCV  
  42  3:44  Marine  
  42  3:45  Marine  
  45  3:48  SCV  
  45  3:49  Supply Depot  
  45  3:54  Factory Tech Lab, Starport Tech Lab  
  46  4:00  Engineering Bay  
  46  4:04  Supply Depot  
  46  4:10  SCV  
  46  4:12  Marine  
  46  4:13  Marine  
  46  4:14  Supply Depot  
  46  4:16  SCV  
  50  4:23  SCV, Factory Reactor  
  51  4:29  Medivac  
  53  4:37  Marauder x2, Combat Shields  
  53  4:38  Stimpack, Marine x2  
  55  4:39  SCV  
  55  4:40  SCV  
  55  4:45  Supply Depot  
  57  4:47  Terran Infantry Weapons Level 1  
  57  4:52  SCV  
  58  4:53  SCV  
  58  4:56  Refinery  
  59  5:00  Refinery  
  59  5:01  Marauder x2  
  59  5:02  Marine  
  59  5:04  Marine  
  59  5:06  SCV x2  
  67  5:10  Supply Depot  
  67  5:18  SCV  
  67  5:19  SCV  
  69  5:28  Marauder, Marine  
  72  5:29  Marauder, Marine  
  72  5:31  SCV x2  
  72  5:34  Factory Reactor, Supply Depot  
  77  5:41  Medivac x2  
  81  5:47  Marine  
  81  5:48  Marine  
  81  5:49  Marauder  
  85  5:56  Marauder  
  87  5:57  Supply Depot x2  
  87  6:09  Marine  
  87  6:11  Marauder, Marine  
  90  6:15  SCV  
  90  6:16  Barracks  
  90  6:17  Marauder  
  90  6:18  Barracks, Widow Mine x2  
  94  6:23  SCV  
  94  6:27  SCV  
  94  6:32  Supply Depot, Marauder  
  97  6:36  Marine  
  97  6:37  Marine  
  97  6:38  Marauder  
  101  6:41  Terran Infantry Armor Level 1  
  101  6:42  Medivac x2  
  105  6:54  Marauder  
  103  6:55  Widow Mine x2  
  102  7:07  Marauder  
  88  7:08  Marine x2  
  88  7:10  Marine  
  88  7:11  Marine  
  88  7:15  Marauder  
  92  7:19  SCV x2  
  92  7:21  Medivac x2  
  98  7:25  Widow Mine  
  98  7:26  Widow Mine  
  98  7:27  Command Center  
  98  7:29  Marauder  
  104  7:31  Marine  
  104  7:33  SCV  
  104  7:36  Marauder  
  107  7:40  SCV  
  101  7:45  SCV  
  101  7:50  Barracks Tech Lab  
  102  7:51  Medivac x2  
  102  7:52  SCV, Marine  
  102  7:53  Marauder, Marine  
  102  7:57  SCV, Barracks Reactor  
  102  7:58  Supply Depot, Marauder  
  110  8:08  Widow Mine x2  
  110  8:10  Marine  
  112  8:13  SCV x2  
  112  8:17  Marauder, Marine  
  112  8:18  Marauder  
  112  8:19  Marauder  
  109  8:23  Medivac  
  109  8:24  Medivac  
  109  8:25  Supply Depot  
  113  8:28  Marine  
  114  8:35  Marine  
  114  8:38  Marine  
  114  8:39  Marauder  
  114  8:40  SCV  
  114  8:41  SCV, Marauder  
  122  8:42  Supply Depot  
  122  8:44  Engineering Bay  
  122  8:46  Engineering Bay, Marine, Armory  
  122  8:53  SCV, Marine x2, Medivac  
  122  8:54  Medivac  
  129  8:57  SCV, Marauder  
  129  8:59  Widow Mine  
  129  9:00  Widow Mine, Marauder  
  138  9:05  SCV  
  138  9:07  Marauder, Marine  
  138  9:15  Marine  
  131  9:18  Marauder  
  131  9:22  Marauder  
  123  9:28  Widow Mine, Orbital Command, Marauder  
  118  9:35  Marine x2  
  118  9:37  SCV x2, Terran Infantry Weapons Level 2, Terran Infantry Armor Level 2  
  117  9:40  Widow Mine, Marauder  
  117  9:43  Marine x2  
  117  9:45  Marine  
  116  9:49  SCV x2, Marine  
  112  9:53  Marine x2  
  111  10:00  Marine  
  111  10:01  SCV x2, Marine  
  113  10:07  Marauder  
  113  10:21  SCV  
  113  10:22  SCV  
  113  10:25  Marine x2  
  113  10:26  Marauder, Marine x2  
  113  10:27  Marauder  
  121  10:29  Marauder  
  114  10:42  Widow Mine  
  114  10:43  Widow Mine, Marine  
  114  10:44  Marine x2  
  114  10:47  Marauder  
  114  10:48  SCV x2  
  125  10:57  Marauder, Marine x2  
  125  10:59  SCV  
  125  11:00  SCV  
  125  11:01  Marine  
  125  11:02  Marine  
  124  11:12  Marauder  
  124  11:18  Marauder, Marine x2  
  117  11:19  Marauder  
  117  11:22  Marine  
  122  11:27  Widow Mine x2  
  122  11:28  Marine  
  125  11:33  Marauder  
  125  11:35  SCV x2  
  125  11:38  Marine x2  
  120  11:40  Marauder x2  
  120  11:44  Medivac x2  
  120  11:46  Marine x2  
  109  11:54  Marauder  
  109  11:55  Marine x2  
  109  11:59  Widow Mine x2  
  109  12:00  Orbital Command  
  117  12:01  Marauder, Marine  
  117  12:04  Marine x2  
  120  12:13  Refinery, Marine x2  
  120  12:14  Refinery, Medivac x2  
  123  12:16  Marauder  
  123  12:19  Marine  
  123  12:21  Marine  
  123  12:22  Marauder, Marine  
  130  12:27  SCV x3  
  133  12:31  Marine x2  
  135  12:37  Marauder x2  
  135  12:39  Marine x2  
  135  12:40  Supply Depot  
  143  12:49  SCV x3  
Show
View Real Time Build Order
Export as new Build Order

NORTHAMERICA Protoss 

Build Orders: 1 Gate Expand, Blink Stalkers 

Get SALT Encoding   

  12  0:01  Probe (Chrono Boost)  
  13  0:11  Probe (Chrono Boost)  
  14  0:17  Pylon  
  14  0:22  Probe (Chrono Boost)  
  15  0:36  Probe (Chrono Boost), Gateway  
  16  0:46  Probe (Chrono Boost)  
  16  0:47  Assimilator  
  18  0:57  Probe (Chrono Boost)  
  18  1:07  Probe (Chrono Boost)  
  19  1:20  Nexus  
  19  1:29  Cybernetics Core  
  19  1:33  Probe (Chrono Boost)  
  20  1:42  Assimilator  
  20  1:44  Probe (Chrono Boost)  
  21  1:52  Pylon  
  21  1:54  Probe (Chrono Boost)  
  22  2:05  Probe (Chrono Boost)  
  23  2:11  Pylon  
  25  2:16  Adept, Mothership Core (Chrono Boost)  
  25  2:20  Warp Gate  
  27  2:34  Probe (Chrono Boost)  
  27  2:39  Twilight Council  
  27  2:41  Probe (Chrono Boost)  
  28  2:44  Probe (Chrono Boost)  
  29  2:52  Probe (Chrono Boost)  
  29  2:58  Robotics Facility  
  30  3:00  Probe (Chrono Boost)  
  30  3:04  Probe (Chrono Boost)  
  32  3:11  Probe (Chrono Boost)  
  33  3:14  Probe (Chrono Boost)  
  33  3:19  Blink  
  34  3:29  Gateway  
  34  3:32  Gateway  
  34  3:33  Probe (Chrono Boost)  
  35  3:37  Probe (Chrono Boost)  
  36  3:44  Pylon  
  36  3:45  Probe (Chrono Boost)  
  36  3:46  Observer  
  36  3:48  Probe (Chrono Boost)  
  40  3:57  Probe (Chrono Boost), Pylon  
  40  3:58  Probe (Chrono Boost)  
  41  4:05  Pylon  
  41  4:07  Observer  
  41  4:09  Probe x2 (Chrono Boost)  
  44  4:19  Probe (Chrono Boost)  
  44  4:21  Probe (Chrono Boost)  
  44  4:23  Assimilator  
  46  4:28  Stalker x2  
  46  4:30  Probe (Chrono Boost), Stalker  
  53  4:39  Probe (Chrono Boost)  
  53  4:40  Probe (Chrono Boost)  
  54  4:51  Probe (Chrono Boost)  
  54  4:52  Probe (Chrono Boost)  
  56  4:56  Assimilator  
  56  5:03  Probe (Chrono Boost), Gateway  
  56  5:04  Gateway  
  57  5:07  Robotics Bay  
  57  5:16  Immortal  
  57  5:21  Forge  
  61  5:25  Probe (Chrono Boost)  
  61  5:28  Pylon, Sentry  
  64  5:38  Stalker  
  64  5:39  Stalker  
  68  5:50  Pylon  
  68  5:52  Probe (Chrono Boost)  
  69  5:57  Stalker  
  69  6:01  Disruptor  
  71  6:07  Pylon  
  71  6:09  Adept x2  
  71  6:10  Pylon  
  78  6:13  Adept  
  78  6:14  Pylon  
  78  6:17  Protoss Ground Weapons Level 1  
  78  6:27  Nexus  
  78  6:29  Stalker  
  78  6:32  Disruptor  
  80  6:33  Pylon  
  83  6:40  Stalker  
  83  6:45  Stalker  
  89  6:48  Probe x2 (Chrono Boost)  
  89  6:53  Adept  
  89  6:54  Adept  
  93  6:58  Adept  
  91  7:05  Adept x2, Disruptor  
  86  7:17  Pylon  
  86  7:21  Pylon  
  86  7:32  Nexus  
  86  7:41  Disruptor  
  89  7:52  Pylon  
  89  7:54  Probe (Chrono Boost)  
  90  7:58  Stalker x2  
  90  7:59  Stalker x2  
  100  8:07  Adept, Protoss Ground Armor Level 1  
  100  8:08  Mothership Core (Chrono Boost)  
  95  8:16  Disruptor  
  91  8:22  Probe (Chrono Boost)  
  96  8:27  Probe (Chrono Boost)  
  96  8:31  Adept x2  
  96  8:32  Adept x2, Photon Cannon  
  105  8:34  Probe (Chrono Boost)  
  105  8:42  Stalker  
  105  8:45  Probe (Chrono Boost)  
  105  8:47  Probe (Chrono Boost)  
  110  8:48  Probe (Chrono Boost)  
  110  8:51  Photon Cannon  
  110  8:58  Probe x2 (Chrono Boost)  
  110  8:59  Stalker  
  105  9:17  Probe (Chrono Boost)  
  96  9:32  Probe x2 (Chrono Boost)  
  96  9:33  Probe (Chrono Boost)  
  96  9:35  Stalker x4  
  96  9:36  Stalker  
  108  9:40  Assimilator  
  108  9:42  Disruptor  
  108  9:43  Probe (Chrono Boost)  
  108  9:44  Assimilator  
  108  9:45  Probe (Chrono Boost)  
  110  9:46  Mothership Core (Chrono Boost)  
  113  9:53  Photon Cannon  
  113  9:55  Probe (Chrono Boost)  
  113  9:57  Photon Cannon  
  113  9:58  Probe (Chrono Boost)  
  108  10:03  Stalker x2  
  105  10:17  Disruptor  
  105  10:18  Probe (Chrono Boost)  
  103  10:21  Probe (Chrono Boost)  
  103  10:23  Probe (Chrono Boost)  
  106  10:30  Probe (Chrono Boost)  
  106  10:33  Probe (Chrono Boost)  
  106  10:34  Probe (Chrono Boost)  
  108  10:41  Stalker  
  108  10:42  Stalker x3  
  113  10:46  Probe (Chrono Boost)  
  113  10:48  Disruptor  
  114  10:56  Zealot  
  117  10:59  Probe (Chrono Boost)  
  117  11:03  Pylon  
  118  11:05  Adept x2  
  118  11:10  Adept x2  
  103  11:20  Adept  
  103  11:22  Photon Cannon  
  102  11:26  Adept x2  
  100  11:46  Adept x2  
  94  11:59  Pylon  
  93  12:02  Pylon  
  93  12:08  Disruptor  
  90  12:09  Probe (Chrono Boost)  
  90  12:16  Pylon  
  90  12:18  Pylon  
  90  12:19  Stalker x2  
  92  12:33  Probe (Chrono Boost)  
  92  12:36  Stalker  
  92  12:37  Stalker x2  
  100  12:53  Adept x2  
  100  12:57  Pylon  
Tags
 
Add a new tag
Caveats
  • Supply blocks, unpowered buildings, or Contaminate may cause inaccurate times.
  • Supply counts are checked every 10 seconds.